 Dungeon Crawl Stone Soup version 0.31-a0-202-g547052bce9 (webtiles) character file.

Game seed: 11646419030190351847

2397 qw the Skirmisher (level 9, 0/51 HPs)
             Began as a Deep Elf Hunter on June 26, 2023.
             Was a Believer of Okawaru.
             Slain by a yak (3 damage)
             ... on level 8 of the Dungeon.
             The game lasted 00:03:57 (7744 turns).

qw the Skirmisher (Deep Elf Hunter)                 Turns: 7744, Time: 00:03:57

Health: 0/51       AC: 12    Str: 12    XL:     9   Next: 22%
Magic:  13/14      EV: 16    Int: 15    God:    Okawaru [**....]
Gold:   119        SH:  0    Dex: 18    Spells: 8/8 levels left

rFire   . . .        Y - +3 shortbow
rCold   . . .        (shield currently unavailable)
rNeg    + . .        l - +0 ring mail
rPois   .            (no helmet)
rElec   .            i - +1 cloak
rCorr   .            h - +1 pair of gloves
SInv    +            b - +0 pair of boots
Will    .....        g - amulet of regeneration
Stlth   +++          f - ring of see invisible
HPRegen 1.08/turn    j - ring of positive energy
MPRegen 0.14/turn

%: no passive effects
@: about to teleport, heroic
A: no striking features
a: Renounce Religion, Heroism


You were on level 8 of the Dungeon.
You worshipped Okawaru.
Okawaru was pleased with you.
You visited 2 branches of the dungeon, and saw 9 of its levels.

You collected 544 gold pieces.
You spent 425 gold pieces at shops.


   Skills:
 - Level 3.4(8.4) Fighting
 - Level 14.0(19.0) Ranged Weapons
 + Level 1.3(6.3) Armour
 - Level 5.4(10.4) Dodging
 - Level 1.2(6.2) Stealth
 - Level 4.2 Invocations


You had 8 spell levels left.
You didn't know any spells.
Your spell library was empty.

Inventory:

Hand Weapons
 Y - a +3 shortbow (weapon)
Armour
 b - a +0 pair of boots (worn)
 e - the +0 pair of boots of Egalitarianism {rF- Dex+4}
   (You found it on level 8 of the Dungeon)

   Dex:       It affects your dexterity (+4).
   rF:        It makes you vulnerable to fire.
 h - a +1 pair of gloves (worn)
 i - a +1 cloak (worn)
 l - a +0 ring mail (worn)
Jewellery
 f - a ring of see invisible (left hand)
 g - an amulet of regeneration (around neck)
 j - a ring of positive energy (right hand)
Scrolls
 a - 6 scrolls of identify
 d - 4 scrolls of teleportation
 m - a scroll of fear {unknown}
Potions
 c - 3 potions of curing
 k - 3 potions of enlightenment

Dungeon Overview and Level Annotations

Branches:
Dungeon (8/15)             Temple (1/1) D:5
   Lair: D:8-11

Altars:
Ashenzari
Cheibriados
Elyvilon
Gozag
Hepliaklqana
Kikubaaqudgha
Makhleb
Nemelex Xobeh
Okawaru
Qazlal
Ru
Sif Muna
Trog
Uskayaw
Vehumet
Wu Jian
Xom
Yredelemnul
The Shining One

Shops:
D:5 ?   D:7 =

Annotations:
D:4 5 runed translucent doors, qw's ghost, amateur DEHu
D:6 3 runed translucent doors, qw's ghost, novice GrHu


Message History

The yak is moderately wounded.
The yak gores you!
You shoot an arrow. The arrow hits the yak.
The yak is heavily wounded.
The yak gores you but does no damage.
You shoot an arrow. The arrow hits the yak!
The yak is severely wounded.
You shoot an arrow. The arrow hits the yak.
The yak is severely wounded.
You shoot an arrow. The arrow hits the yak!
The yak is almost dead.
The yak gores you! The yak barely misses you.
7736 ||| INVOKING Heroism.
You gain the combat prowess of a mighty hero.
The yak barely misses you. The yak gores you.
You shoot an arrow.
The arrow hits the yak but does no damage.
The yak is almost dead.
You shoot an arrow. The arrow hits the yak.
You kill the yak!
Okawaru accepts your kill.
Your base Dodging skill increases to level 5!
You shoot an arrow. The arrow barely misses the yak.
You shoot an arrow. The arrow hits the yak.
The yak is lightly wounded.
The yak gores you. The yak gores you!
You shoot an arrow. The arrow hits the yak.
The yak is moderately wounded.
The yak gores you! The yak gores you.
7742 ||| READING 5 scrolls of teleportation.
As you read the scroll of teleportation, it crumbles to dust.
You feel strangely unstable. The yak gores you but does no damage.
The yak barely misses you.
You shoot an arrow.
The arrow hits the yak but does no damage.
The yak is moderately wounded.
The yak barely misses you. The yak gores you but does no damage.
You shoot an arrow. The arrow barely misses the yak.
The yak gores you.
You die...

# .... # .$.. # .....
### ..... #.. ......
##### #[.
......######...#######..
.....YYY#......##[..####
#@#.##...##...#
###.#.##...##...####
..###...#.##.....>......
........#.#######.......
.##.....#.#######.......
#...<.................
#.#......##########...
#........# ####
###......# #


You could see 3 yaks.

Vanquished Creatures
  A yak (D:8)
  Menkaure (D:6)
  A water moccasin (D:6)
  An ice beast (D:5)
  2 sky beasts (D:7)
  An ogre (D:7)
  3 phantoms
  3 bullfrogs
  4 scorpions
  4 wights (D:7)
  3 hounds
  A jelly (D:5)
  5 orc priests
  Jessica (D:2)
  6 iguanas
  An orc wizard (D:4)
  A sleepcap (D:5)
  Natasha (twice) (D:2)
  4 gnolls (D:5)
  6 adders
  4 shadow imps
  A white imp (D:6)
  An ufetubus (D:5)
  4 worms
  5 dart slugs
  30 orcs
  7 ball pythons
  5 bats
  5 endoplasms
  7 giant cockroaches
  5 goblins
  8 hobgoblins
  2 jackals (D:2)
  10 kobolds
  4 quokkas
  10 frilled lizards
  7 rats
166 creatures vanquished.

Notes
Turn   | Place    | Note
-------+----------+-------------------------------------------
     0 | D:1      | qw the Deep Elf Hunter began the quest for the Orb.
     0 | D:1      | Reached XP level 1. HP: 12/12 MP: 3/3
     0 | D:1      | 0 ||| qw: Version: 0.3-a-22-g0ed2b0b
     0 | D:1      | 0 ||| qw: Game counter: 5805
     0 | D:1      | 0 ||| qw: Melee chars always use a shield: true
     0 | D:1      | 0 ||| qw: God list: Okawaru
     0 | D:1      | 0 ||| qw: Allow faded altars: false
     0 | D:1      | 0 ||| qw: Do Orc after clearing Dungeon:15 true
     0 | D:1      | 0 ||| qw: Do second Lair branch before Depths: true
     0 | D:1      | 0 ||| qw: Lair rune preference: random
     0 | D:1      | 0 ||| qw: Goals: Normal
     0 | D:1      | 0 ||| PLANNING D:1-11
   105 | D:1      | Reached skill level 6 in Ranged Weapons
   105 | D:1      | Reached XP level 2. HP: 16/16 MP: 4/4
   374 | D:1      | Reached XP level 3. HP: 20/20 MP: 5/5
   582 | D:1      | 582 ||| UPGRADING to +0 pair of gloves.
   587 | D:1      | 587 ||| UPGRADING to ring of see invisible.
   588 | D:1      | 588 ||| READING 5 scrolls labelled VIANKU ZORPHENE.
   589 | D:1      | 589 ||| READING scroll labelled GEOTUE SUUH.
   590 | D:1      | 590 ||| READING 4 scrolls of identify.
   590 | D:1      | 590 ||| IDENTIFYING coppery potion
   591 | D:1      | 591 ||| READING 3 scrolls of identify.
   591 | D:1      | 591 ||| IDENTIFYING smoky green potion
   592 | D:1      | 592 ||| READING 2 scrolls of identify.
   592 | D:1      | 592 ||| IDENTIFYING sedimented black potion
   593 | D:1      | 593 ||| DROPPING scroll of butterflies.
   594 | D:1      | 594 ||| DROPPING potion of berserk rage.
   595 | D:1      | 595 ||| DROPPING potion of degeneration.
   622 | D:2      | Noticed Natasha
   632 | D:2      | Killed Natasha
   633 | D:2      | Reached skill level 7 in Ranged Weapons
   725 | D:2      | Reached XP level 4. HP: 25/25 MP: 6/6
   894 | D:2      | Found a bloodstained altar of Trog.
   944 | D:2      | 944 ||| READING scroll labelled VOTAHE CEUFU.
   945 | D:2      | 945 ||| READING 2 scrolls labelled BUJEPT NATSAZO.
   946 | D:2      | 946 ||| READING scroll labelled UDYLLYG WUBB.
   947 | D:2      | 947 ||| DROPPING scroll of revelation.
  1019 | D:2      | 1019 ||| STAIRDANCE
  1260 | D:3      | Reached skill level 8 in Ranged Weapons
  1332 | D:3      | Reached XP level 5. HP: 16/29 MP: 7/7
  1388 | D:3      | 1388 ||| UPGRADING to +0 pair of boots.
  1393 | D:3      | 1393 ||| READING scroll labelled VUIZUN JIMPATO.
  1494 | D:3      | 1494 ||| READING 3 scrolls of identify.
  1494 | D:3      | 1494 ||| IDENTIFYING sedimented white potion
  1495 | D:3      | 1495 ||| DROPPING potion of magic.
  1502 | D:3      | 1502 ||| STAIRDANCE
  1605 | D:3      | Noticed a phantom
  1612 | D:3      | Killed a phantom
  1613 | D:3      | Reached skill level 9 in Ranged Weapons
  1801 | D:3      | 1801 ||| FLEEEEING.
  1802 | D:3      | 1802 ||| STAIRDANCE
  1815 | D:2      | Reached XP level 6. HP: 30/33 MP: 8/8
  1940 | D:2      | Noticed Natasha
  1947 | D:2      | Killed Natasha
  1948 | D:2      | Reached skill level 3 in Dodging
  2167 | D:2      | Noticed Jessica
  2168 | D:2      | Killed Jessica
  2328 | D:3      | Found a shimmering altar of Xom.
  2742 | D:3      | Found a faded altar of an unknown god.
  2764 | D:3      | 2764 ||| UPGRADING to +0 cloak.
  2769 | D:3      | 2769 ||| UPGRADING to amulet of regeneration.
  2815 | D:4      | 2815 ||| FLEEEEING.
  2873 | D:4      | Reached skill level 10 in Ranged Weapons
  2905 | D:4      | 2905 ||| DRINKING 2 potions of curing.
  2905 | D:4      | 2905 ||| (to cure confusion)
  2919 | D:4      | 2919 ||| DRINKING potion of curing.
  2919 | D:4      | 2919 ||| (to cure confusion)
  2931 | D:4      | Found a runed translucent gate.
  2932 | D:4      | Found a runed translucent gate.
  2932 | D:4      | Found a runed translucent gate.
  2933 | D:4      | Found an opulent altar of Gozag.
  2934 | D:4      | Noticed qw's ghost (amateur DEHu)
  2942 | D:4      | 2942 ||| READING scroll of enchant weapon.
  2942 | D:4      | 2942 ||| ENCHANTING +1 shortbow.
  2985 | D:4      | Found a large runed translucent door.
  2986 | D:4      | Found a large runed translucent door.
  3001 | D:4      | Reached XP level 7. HP: 40/40 MP: 9/9
  3091 | D:4      | Found a stormy altar of Qazlal.
  3103 | D:4      | Identified the +10 dagger of Execution {spect, +Blink Fly
                  | rN++ Str-3}
  3136 | D:4      | HP: 10/40 [orc/+0 club (3)]
  3137 | D:4      | 3137 ||| DRINKING potion of heal wounds.
  4170 | D:4      | 4170 ||| UPGRADING to +0 ring mail.
  4180 | D:4      | 4180 ||| DROPPING +0 leather armour.
  4236 | D:4      | 4236 ||| READING scroll labelled UKHOROW CENU.
  4329 | D:4      | 4329 ||| READING scroll labelled CYODEG QEHUDA.
  4330 | D:4      | 4330 ||| READING 5 scrolls of identify.
  4330 | D:4      | 4330 ||| IDENTIFYING smoky yellow potion
  4339 | D:5      | Entered Level 5 of the Dungeon
  4397 | D:5      | Found a staircase to the Ecumenical Temple.
  4398 | D:5      | 4398 ||| PLANNING TEMPLE
  4419 | D:5      | Reached skill level 1 in Armour
  4467 | Temple   | Entered the Ecumenical Temple
  4499 | Temple   | 4499 ||| PLANNING OKAWARU WORSHIP
  4685 | Temple   | Became a worshipper of Warmaster Okawaru
  4686 | Temple   | 4686 ||| PLANNING D:1-11
  4747 | D:5      | 4747 ||| READING scroll of enchant armour.
  4747 | D:5      | 4747 ||| ENCHANTING +0 pair of gloves.
  4799 | D:5      | Reached skill level 11 in Ranged Weapons
  4805 | D:5      | 4805 ||| Stepping ~*~*~tactically~*~*~ (outnumbered).
  4827 | D:5      | 4827 ||| FLEEEEING.
  4862 | D:5      | Found Usien's Magic Scroll Emporium.
  4871 | D:5      | 4871 ||| SHOPLISTING scroll of acquirement (780 gold, have
                  | 397).
  4871 | D:5      | 4871 ||| BUYING scroll of identify (30 gold).
  4871 | D:5      | Bought a scroll of identify for 30 gold pieces
  4871 | D:5      | 4871 ||| BUYING scroll of teleportation (45 gold).
  4871 | D:5      | Bought a scroll of teleportation for 45 gold pieces
  4871 | D:5      | 4871 ||| BUYING scroll of teleportation (45 gold).
  4871 | D:5      | Bought a scroll of teleportation for 45 gold pieces
  4871 | D:5      | 4871 ||| BUYING scroll of teleportation (45 gold).
  4871 | D:5      | Bought a scroll of teleportation for 45 gold pieces
  4951 | D:5      | Reached skill level 12 in Ranged Weapons
  5251 | D:5      | Reached XP level 8. HP: 44/44 MP: 10/10
  5257 | D:5      | 5257 ||| UPGRADING to +1 cloak.
  5267 | D:5      | 5267 ||| DROPPING +0 cloak.
  5268 | D:5      | 5268 ||| READING scroll labelled LEG CA SAI.
  5270 | D:5      | 5270 ||| Stepping ~*~*~tactically~*~*~ (cloud).
  5327 | D:6      | Found a radiant altar of Vehumet.
  5521 | D:6      | Noticed Menkaure
  5527 | D:6      | Killed Menkaure
  5527 | D:6      | Reached * piety under Okawaru
  5528 | D:6      | Reached skill level 3 in Fighting
  5562 | D:6      | Found a runed translucent gate.
  5563 | D:6      | Found a runed translucent gate.
  5563 | D:6      | Found a runed translucent gate.
  5574 | D:6      | Noticed qw's ghost (novice GrHu)
  5626 | D:6      | Reached skill level 1 in Invocations
  5931 | D:6      | Reached skill level 3 in Invocations
  7004 | D:7      | Reached ** piety under Okawaru
  7017 | D:7      | Reached skill level 13 in Ranged Weapons
  7043 | D:7      | 7043 ||| INVOKING Heroism.
  7213 | D:7      | Reached XP level 9. HP: 51/51 MP: 14/14
  7301 | D:7      | 7301 ||| READING scroll of enchant weapon.
  7301 | D:7      | 7301 ||| ENCHANTING +2 shortbow.
  7316 | D:7      | 7316 ||| FLEEEEING.
  7317 | D:7      | 7317 ||| FLEEEEING.
  7318 | D:7      | 7318 ||| FLEEEEING.
  7319 | D:7      | 7319 ||| FLEEEEING.
  7320 | D:7      | 7320 ||| FLEEEEING.
  7321 | D:7      | 7321 ||| FLEEEEING.
  7322 | D:7      | 7322 ||| FLEEEEING.
  7323 | D:7      | 7323 ||| FLEEEEING.
  7324 | D:7      | 7324 ||| FLEEEEING.
  7325 | D:7      | 7325 ||| FLEEEEING.
  7326 | D:7      | 7326 ||| FLEEEEING.
  7328 | D:7      | 7328 ||| FLEEEEING.
  7330 | D:7      | 7330 ||| STAIRDANCE
  7422 | D:6      | 7422 ||| READING 6 scrolls of identify.
  7422 | D:6      | 7422 ||| IDENTIFYING lumpy green potion
  7423 | D:6      | 7423 ||| DROPPING potion of lignification.
  7537 | D:7      | Reached skill level 14 in Ranged Weapons
  7593 | D:7      | Found Zipumnal's Jewellery Boutique.
  7601 | D:7      | 7601 ||| SHOPLISTING amulet of reflection (390 gold, have
                  | 362).
  7601 | D:7      | 7601 ||| SHOPLISTING ring "Nopsuud" {+Blink rF+} (507 gold,
                  | have 362).
  7601 | D:7      | 7601 ||| BUYING ring of positive energy (260 gold).
  7601 | D:7      | Bought a ring of positive energy for 260 gold pieces
  7601 | D:7      | 7601 ||| SHOPLISTING ring of protection from cold (325
                  | gold, have 102).
  7606 | D:7      | 7606 ||| UPGRADING to ring of positive energy.
  7607 | D:7      | 7607 ||| READING scroll labelled MEYSEGGOISCH.
  7627 | D:8      | Identified the +0 pair of boots of Egalitarianism {rF-
                  | Dex+4}
  7736 | D:8      | 7736 ||| INVOKING Heroism.
  7741 | D:8      | HP: 6/51 [yak (10)]
  7741 | D:8      | HP: 1/51 [yak (5)]
  7742 | D:8      | 7742 ||| READING 5 scrolls of teleportation.
  7744 | D:8      | Slain by a yak

Levels and vault maps discovered:
D:1:      dpeg_arrival_houses_and_road, layout_basic,
          chequers_serial_rivers_micro_c, chequers_garden, item_on_display_a
D:2:      mumra_celtic_spiral_tile, layout_rooms, basic_altar, minmay_bisected,
          uniq_natasha, uniq_jessica
D:3:      layout_basic, amcnicky_altar_gilded, basic_ecumenical_altar,
          minmay_pentangle
D:4:      cheibrodos_quashed, layout_cave_pools, mainiacjoe_overflow_alcove_2,
          jmf_multi_god_temple2, ebering_ghost_gozag,
          kennysheep_opposing_triangles
D:5:      layout_gridville, temple_pool_b, serial_shops,
          nicolae_shop_just_a_little_nook
D:6:      layout_loops_ring, vehumet_altar_wand_db, ebering_ghost_rock_garden,
          nicolae_fountain_basement, uniq_menkaure
D:7:      layout_basic, serial_shops, shop
D:8:      cheibrodos_barr_body, layout_basic
Temple:   eino_temple_scatter_basement

Skill      XL: |  1  2  3  4  5  6  7  8  9 |
---------------+----------------------------+-----
Ranged Weapons | 6 7 8 9 10 12 13 14 | 14.0
Dodging        | 4 5 |  5.4
Fighting       | 2 3 |  3.4
Armour         | 1 |  1.3
Invocations    | 4 |  4.2
Stealth        | |  1.2

Action                     |  1- 3 |  4- 6 |  7- 9 || total
---------------------------+-------+-------+-------++-------
   Fire: Shortbow          |    77 |   231 |   343 ||   651
 Invoke: Heroism           |       |       |     2 ||     2
    Use: Scroll            |     5 |     6 |     9 ||    20
         Potion            |       |     2 |     1 ||     3
 Armour: Leather armour    |     1 |    25 |    14 ||    40
         Ring mail         |       |       |    50 ||    50
  Dodge: Dodged            |    12 |    43 |   103 ||   158

Table legend:
 A = Non-vault XP
 B = Vault XP
 C = Vault XP percentage of total XP
 D = Non-vault monster count
 E = Vault monster count
 F = Vault count percentage of total count
                 A         B        C        D         E       F
            +---------+---------+-------+---------+---------+-------
      Total |    3091 |     334 |   9.8 |     146 |      20 |  12.0
            +---------+---------+-------+---------+---------+-------
        D:1 |      48 |       0 |   0.0 |      25 |       0 |   0.0
        D:2 |      87 |      80 |  47.9 |      21 |       5 |  19.2
        D:3 |     261 |      14 |   5.1 |      28 |       8 |  22.2
        D:4 |     313 |      53 |  14.5 |      27 |       4 |  12.9
        D:5 |     577 |       0 |   0.0 |      20 |       0 |   0.0
        D:6 |     631 |     187 |  22.9 |      10 |       3 |  23.1
        D:7 |     972 |       0 |   0.0 |      13 |       0 |   0.0
        D:8 |     202 |       0 |   0.0 |       2 |       0 |   0.0
            +---------+---------+-------+---------+---------+-------
